 Dungeon Crawl Stone Soup version 0.29.1-2-gbd0b4ee654 (webtiles) character file.

Game seed: 13702713541616028270

130 safid the Shooter (level 4, 0/41 HPs)
             Began as a Minotaur Hunter on Oct 26, 2022.
             Slain by Grinder (8 damage)
             ... on level 3 of the Dungeon.
             The game lasted 00:03:03 (2587 turns).

safid the Shooter (Minotaur Hunter)                 Turns: 2587, Time: 00:03:04

Health: 0/41       AC:  3    Str: 15    XL:     4   Next: 90%
Magic:  3/3        EV: 12    Int:  6    God:
Gold:   128        SH:  0    Dex: 16    Spells: 3/3 levels left

rFire   . . .      SeeInvis .   a - +0 shortbow
rCold   . . .      Faith    .   (shield currently unavailable)
rNeg    . . .      Spirit   .   c - +0 leather armour
rPois   .          Reflect  .   (helmet restricted)
rElec   .          Harm     .   (no cloak)
rCorr   .          Rampage  .   (no gloves)
Will    .....                   (no boots)
Stlth   +.........              (no amulet)
HPRegen 0.13/turn               (no ring)
MPRegen 0.08/turn               (no ring)

@: no status effects
A: horns 2, retaliatory headbutt
a: no special abilities


You were on level 3 of the Dungeon.
You visited 1 branch of the dungeon, and saw 4 of its levels.

You collected 128 gold pieces.

Inventory:

Hand Weapons
 a - a +0 shortbow (weapon)
Armour
 c - a +0 leather armour (worn)
Jewellery
 i - a ring of see invisible
 q - a +6 ring of dexterity
Scrolls
 b - a scroll of immolation
 d - 7 scrolls of identify {unknown}
 e - 2 scrolls of amnesia {unknown}
 k - a scroll of magic mapping {unknown}
 n - a scroll of teleportation {unknown}
 r - a scroll of acquirement {unknown}
 s - a scroll of brand weapon {unknown}
 t - a scroll of noise {unknown}
 u - a scroll of torment {unknown}
 w - a scroll of fear {unknown}
Potions
 f - a potion of magic {unknown}
 g - a potion of attraction {unknown}
 h - a potion of might {unknown}
 j - a potion of degeneration {unknown}
 l - a potion of mutation {unknown}
 m - 3 potions of curing {unknown}
 o - a potion of resistance {unknown}
 p - a potion of brilliance {unknown}
 v - a potion of flight {unknown}


   Skills:
 + Level 4.7 Fighting
 + Level 5.8 Ranged Weapons
 - Level 2.1 Dodging
 - Level 0.7 Stealth


You had 3 spell levels left.
You didn't know any spells.
Your spell library contained the following spells:

 Spells                   Type           Power      Damage    Failure   Level
 Iskenderun's Battlesphe  Conj           0%         2d6       100%        5
 Iron Shot                Conj/Erth      0%         9d1       100%        6
 Spellforged Servitor     Conj/Summ      0%         N/A       100%        7


Dungeon Overview and Level Annotations

Branches:
Dungeon (4/15)
 Temple: D:4-7

Altars:

Annotations:
D:3 Grinder


Innate Abilities, Weirdness & Mutations

You have a pair of horns on your head.
You reflexively headbutt those who attack you in melee.


Message History

You resist with some effort.
You shoot an arrow. The orc shouts!
The arrow hits the orc wizard.
You kill the orc wizard!
The orc priest looks braver for a moment.
You shoot an arrow. The arrow hits Grinder!
Grinder is heavily wounded.
The orc priest mumbles some strange prayers to Beogh against you.
Beogh smites you!
You shoot an arrow. The arrow barely misses Grinder.
The orc wizard casts a spell at you. The puff of flame hits you.
Grinder gestures at you.
You suddenly lose the ability to move!
The orc wizard casts a spell at you. You resist with some effort.
Grinder gestures at you. Pain shoots through your body!
* * * LOW HITPOINT WARNING * * *
The orc hits you with a +0 hand axe.
* * * LOW HITPOINT WARNING * * *
You can move again.
Unknown command.
The orc closely misses you.
The orc priest looks braver for a moment.
Grinder hits you but does no damage.
You climb upwards.
There is a stone staircase leading down here.
Unknown command.
You are too injured to fight recklessly!
You are too injured to fight recklessly!
Unknown command.
Fire: a) +0 shortbow
Press: ? - help, Q - select action Shift-Dir - straight line, f - Grinder
Aim: Grinder (moderately wounded, 61% to hit)
You shoot an arrow. The arrow hits Grinder.
Grinder is heavily wounded.
Grinder hits you!
You die...

..#..#......# #..####
#### ..###..##.#.##
##..#
..####.##.##.###.#.#####
.......##.###..........#
...####.....####...#.#.#
...# #.....# #...#.#.#
##.# #.....# #.....#.#
#.# #.....# #5o#..#.#
#.# #.....# #@o#..#.#
#.# ####### #.......#
#.# ############.####
#.#####.......# #.#
#.......#####.# #.#
#######.#####.####.#
#<.....<.....#
#.#####.###### #.#####.#


You could see Grinder, an orc priest and an orc.

Vanquished Creatures
  An orc wizard (D:4)
  An adder (D:3)
  A worm (D:3)
  6 dart slugs
  An orc (D:3)
  8 ball pythons
  8 endoplasms
  6 giant cockroaches
  9 goblins
  11 hobgoblins
  3 jackals (D:3)
  5 kobolds
  3 quokkas
  5 bats
  2 frilled lizards (D:1)
70 creatures vanquished.

Notes
Turn   | Place    | Note
-------+----------+-------------------------------------------
     0 | D:1      | safid the Minotaur Hunter began the quest for the Orb.
     0 | D:1      | Reached XP level 1. HP: 18/18 MP: 0/0
   135 | D:1      | Reached XP level 2. HP: 26/26 MP: 1/1
   345 | D:1      | Reached skill level 5 in Ranged Weapons
   345 | D:1      | Reached XP level 3. HP: 31/31 MP: 2/2
   483 | D:1      | Found a faded altar of an unknown god.
  1307 | D:2      | Reached XP level 4. HP: 40/40 MP: 3/3
  2574 | D:4      | Noticed Grinder
  2581 | D:4      | Paralysed by Grinder for 4 turns
  2587 | D:3      | Slain by Grinder

Illustrated notes

Levels and vault maps discovered:
D:1:      beargit_arrival_greenhouse, layout_loops_ring,
          ebering_ecumenical_altar_sacrificial, minmay_misc_feat_secret_circle
D:2:      layout_loops_ring, st_stairs_9, small_statue_intersection
D:3:      layout_loops_cross, corexii_hall_statues_u
D:4:      cheibrodos_pilgrimage, layout_cave_pods, minmay_temple_entry_glass,
          gammafunk_ghost_icy, hangedman_decor_clover_reticule,
          minmay_mini_ossuary, uniq_eustachio, uniq_grinder

Skill      XL: |  1  2  3 |
---------------+----------+-----
Fighting       | 3 4 |  4.7
Ranged Weapons | 5 |  5.8
Dodging        | |  2.1
Stealth        | |  0.7

Action                   |  1- 3 |  4- 6 || total
-------------------------+-------+-------++-------
 Fire: Shortbow          |    98 |    68 ||   166
Armor: Leather armour    |    20 |     3 ||    23
Dodge: Dodged            |    37 |    13 ||    50
